cohdb
Replays
Latest Replays
All Replays
Popular Replays
Top Player Replays
Match Explorer
How It Works
Community
CoH3 Stats
Reddit
Sign in to upload your games and track your stats! →
Sign in with Steam
Match 45220771
Unlisted
Match 45220771
Overview
Messages
Build Orders
End
Vickers Machine Gun Team
Construct Section Command Post
Selects Indian Artillery Battlegroup
Dingo Light Scout Car
Infantry Section
Infantry Section
Selects War Cry
Construct Platoon Command Post
Infantry Section
Selects Gurkha Rifles Section
Gurkha Rifles Section
Construct Platoon Command Post
Infantry Training
Construct Company Command Post
Selects Pillage
Unlock M3 Grant Medium Tanks
Selects Artillery Saturation
Foot Guards Section
M3 Grant Medium Tank
M3 Grant Medium Tank
Selects Off-map Airburst Barrage
War Cry
豪师傅
[=v=]ClaudiaEnfield
Eilte
一百六十四号重罪犯
A Rather Splendid Cromwell
茶靡
Gatsby
pingping
0
0
Comments
sign in to comment!
No comments posted yet!